 Dungeon Sprint DCSS version 0.17-a0-1570-g74b7129 (webtiles) character file.

12883 tt080 the Eclecticist (level 11, -4/47 HPs)
             Began as a Spriggan Enchanter on July 23, 2015.
             Was the Champion of Sif Muna.
             Slain by a lorocyproca (36 damage)
             ... in the Dungeon (Sprint I: "Red Sonja").
             The game lasted 00:18:00 (4339 turns).

tt080 the Eclecticist (Spriggan Enchanter)          Turns: 4339, Time: 00:18:00

Health: -4/47      AC:  6    Str:  4    XL:     11   Next: 68%
Magic:  33/33      EV: 30    Int: 19    God:    Sif Muna [******]
Gold:   1081       SH:  0    Dex: 18    Spells: 6 memorised, 33 levels left

rFire  . . .     SeeInvis +     l - +0 short sword (distort)
rCold  . . .     Clarity  .     u - +2 robe
rNeg   . . .     SustAt   .     (shield restricted)
rPois  .         Gourm    .     (helmet restricted)
rElec  .         Spirit   .     t - +1 cloak {+Inv}
rCorr  .         Warding  .     (gloves unavailable)
rMut   .         NoTele   +     (boots unavailable)
MR     +....                    (no amulet)
Stlth  +++++++++.               (no ring)
                                (no ring)

@: very slightly contaminated, studying Polearms, very quick, somewhat resistant
to hostile enchantments, incredibly stealthy
A: unfitting armour, see invisible, herbivore 3, speed 3, low mp 1, slow
metabolism 2
a: Channel Energy, Forget Spell, Renounce Religion, Evoke Invisibility


You were in the Dungeon.
You worshipped Sif Muna.
Sif Muna was exalted by your worship.
You were not hungry.

You visited 1 branch You collected 2193 gold pieces.
You spent 1112 gold pieces at shops.

Inventory:

Hand weapons
 a - a +1 dagger
 e - a +2 dagger of holy wrath
 l - a +0 short sword of distortion (weapon)
 m - a +3 blowgun
Missiles
 n - 10 curare-tipped needles
Armour
 b - a +1 robe
 q - a +0 cloak
 t - a +1 cloak of invisibility (worn)
 u - a +2 robe (worn)
 x - the +2 buckler "Byeluonn" {Str+2}
   (You bought it in a shop in the Dungeon)

   It affects your strength (+2).
Jewellery
 w - the amulet of Buviet {rMut rElec rPois MP-9}
   (You bought it in a shop in the Dungeon)

   [amulet of resist mutation]

   It protects you from mutation.
   It insulates you from electricity.
   It protects you from poison.
   It affects your magic capacity (-9).
Scrolls
 i - a scroll of identify {unknown}
 j - a scroll of blinking
 k - 2 scrolls of remove curse {unknown}
 p - a scroll of fog {unknown}
 s - a scroll of summoning {unknown}
 v - a scroll of fear
Potions
 g - a potion of haste
 h - a potion of magic
 o - a potion of curing
 A - a potion of lignification {unknown}
Books
 c - a book of Maledictions

   Spells                             Type                      Level
   a - Corona                         Hexes                        1
   b - Ensorcelled Hibernation        Hexes/Ice                    2
   c - Confuse                        Hexes                        3
   d - Tukima's Dance                 Hexes                        3
   e - Dazzling Spray                 Conjuration/Hexes            3
 d - Foirol's Disquisition on Malediction
   (Sif Muna gifted it to you in the Dungeon)

   Spells                             Type                      Level
   a - Corona                         Hexes                        1
   b - Dazzling Spray                 Conjuration/Hexes            3
   c - Summon Mana Viper              Hexes/Summoning              5
   d - Silence                        Hexes/Air                    5
   e - Mass Confusion                 Hexes                        6
 f - Sif Muna's Collected Works on Hexes
   (Sif Muna gifted it to you in the Dungeon)

   Spells                             Type                      Level
   a - Corona                         Hexes                        1
   b - Confusing Touch                Hexes                        2
   c - Slow                           Hexes                        2
   d - Spectral Weapon                Hexes/Charms                 3
   e - Cause Fear                     Hexes                        4
   f - Invisibility                   Hexes                        6
 r - a manual of Polearms
 y - Sif Muna's Handbook of Mutagenic Toxins
   (Sif Muna gifted it to you in the Dungeon)

   Spells                             Type                      Level
   a - Sting                          Conjuration/Poison           1
   b - Cure Poison                    Poison                       2
   c - Sticks to Snakes               Transmutation                2
   d - Spider Form                    Transmutation/Poison         3
   e - Poisonous Cloud                Conjuration/Poison/Air       6
   f - Statue Form                    Transmutation/Earth          6
 z - Sif Muna's Collected Works on the Oath
   (Sif Muna gifted it to you in the Dungeon)

   Spells                             Type                      Level
   a - Ensorcelled Hibernation        Hexes/Ice                    2
   b - Gell's Gravitas                Hexes/Translocation          3
   c - Summon Guardian Golem          Hexes/Summoning              3
   d - Leda's Liquefaction            Hexes/Earth                  4
   e - Mass Confusion                 Hexes                        6


   Skills:
 - Level 10.5 Short Blades
 - Level 13.5 Dodging
 - Level 19.3 Stealth
 + Level 20.6 Spellcasting
 - Level 15.5 Hexes


You had 33 spell levels left.
You knew the following spells:

 Your Spells              Type           Power        Failure   Level  Hunger
a - Corona                Hex            ######.      0%          1    None
b - Ensorcelled Hibernat  Hex/Ice        #####.       1%          2    None
c - Confuse               Hex            ######..     0%          3    None
d - Invisibility          Hex            ######..     1%          6    ####...
e - Cause Fear            Hex            ######....   1%          4    None
f - Confusing Touch       Hex            ######       0%          2    None


Dungeon Overview and Level Annotations

Branches:
Dungeon (1/1)

Altars:
Cheibriados
Dithmenos
Elyvilon
Fedhas
Gozag
Kikubaaqudgha
Makhleb
Nemelex Xobeh
Okawaru
Qazlal
Ru
Sif Muna
Trog
Vehumet
Xom
Yredelemnul
Zin
The Shining One
Jiyva

Shops:
D ?(*%([*}(*%[*=?=?*[[(

Annotations:
D Norris


Innate Abilities, Weirdness & Mutations

You are tiny and cannot use many weapons and most armour.
You have supernaturally acute eyesight.
You are a herbivore.
You cover ground extremely quickly.
You need consume almost no food.
Your magical capacity is low (-10% MP).


Message History

You are engulfed in a cloud of scalding steam.
There is an open door here.
You are engulfed in a cloud of scalding steam.
You hit the lorocyproca but do no damage.
Space bends around the lorocyproca.
The lorocyproca is lightly wounded.
You are engulfed in a cloud of scalding steam.
You hit the lorocyproca but do no damage.
The lorocyproca is lightly wounded.
The lorocyproca blinks!
You start resting.
A lorocyproca is nearby!
There is an open door, spattered with blood here.
A lorocyproca is nearby!
A lorocyproca is nearby!
You barely miss the lorocyproca.
The lorocyproca is lightly wounded.
The lorocyproca hits you!!!
Ouch! That really hurt!
You die...

############################
..#(.#§§.§'§§§§§@2..#^^'§$§§
..##'#§####§§§§§##..'§§#§§
..').#§# ###§§§#######§# §§
###..'§#+#$###§# #..# §
.##'####..$#@#.# #..##
.#.....#..$###§.###$#.s≈#
.#.....+..$$$##.#A#$#m.≈e)#
'###...#^....# .###$#..≈e##
.'.#.§.###''## ##..$#..≈##


You could see a lorocyproca (invisible).

Vanquished Creatures
  A hydra (D)
  2 centaur warriors (D)
  Sonja (D)
  A deep troll (D)
  2 unseen horrors (D)
  A lindwurm (D)
  An oklob plant (D)
  6 shining eyes (D)
  A gargoyle (D)
  2 kobold demonologists (D)
  A hellwing (D)
  2 demonic crawlers (D)
  A slime creature (D)
  4 trapdoor spiders (D)
  Sigmund (D)
  13 hogs (D)
  A yak (D)
  6 necrophages (D)
  A wasp (D)
  An ogre (D)
  8 jellies (D)
  Ijyb (D)
  6 giant eyeballs (D)
  2 ballistomycetes (D)
66 creatures vanquished.

Vanquished Creatures (others)
  A shining eye (D)
  A siren (D)
  A gargoyle (D)
  A necrophage (D)
  2 wasps (D)
  A ballistomycete (D)
  2 giant spores (D)
9 creatures vanquished.

Grand Total: 75 creatures vanquished

Notes
Turn   | Place    | Note
--------------------------------------------------------------
     0 | D        | tt080 the Spriggan Enchanter began the quest for the Orb.
     0 | D        | Reached XP level 1. HP: 9/9 MP: 5/5
     1 | D        | Noticed Ijyb
     8 | D        | Killed Ijyb
     8 | D        | Reached skill level 6 in Stealth
     8 | D        | Reached skill level 5 in Hexes
     8 | D        | Reached XP level 2. HP: 5/13 MP: 5/7
   225 | D        | Learned a level 2 spell: Ensorcelled Hibernation
   226 | D        | Noticed an ogre
   228 | D        | Killed an ogre
   228 | D        | Reached skill level 5 in Dodging
   228 | D        | Reached skill level 8 in Stealth
   228 | D        | Reached XP level 3. HP: 16/16 MP: 8/10
   228 | D        | Reached XP level 4. HP: 21/21 MP: 8/11
   254 | D        | Noticed Sigmund
   257 | D        | Killed Sigmund
   257 | D        | Reached skill level 5 in Short Blades
   257 | D        | Reached skill level 11 in Stealth
   257 | D        | Reached XP level 5. HP: 24/24 MP: 11/14
   289 | D        | Found a deep blue altar of Sif Muna.
   290 | D        | Noticed a jelly
   291 | D        | Found a radiant altar of Vehumet.
   295 | D        | Killed a jelly
   295 | D        | Reached XP level 6. HP: 28/28 MP: 13/16
   297 | D        | Became a worshipper of Sif Muna the Loreminder
   304 | D        | Found a viscous altar of Jiyva.
   304 | D        | Found a blossoming altar of Fedhas.
   304 | D        | Noticed a slime creature
   305 | D        | Found a snail-covered altar of Cheibriados.
   305 | D        | Found a shadowy altar of Dithmenos.
   307 | D        | Killed a slime creature
   307 | D        | Acquired Sif Muna's first power
   307 | D        | Reached skill level 12 in Stealth
   307 | D        | Reached skill level 10 in Hexes
   378 | D        | Found Litaisy's Food Emporium.
   378 | D        | Found a white marble altar of Elyvilon.
   378 | D        | Found a stormy altar of Qazlal.
   378 | D        | Found a burning altar of Makhleb.
   378 | D        | Found a sacrificial altar of Ru.
   378 | D        | Found a basalt altar of Yredelemnul.
   378 | D        | Found a glowing golden altar of the Shining One.
   378 | D        | Found a sparkling altar of Nemelex Xobeh.
   378 | D        | Found a shimmering altar of Xom.
   378 | D        | Found an opulent altar of Gozag.
   378 | D        | Found an ancient bone altar of Kikubaaqudgha.
   378 | D        | Found a glowing silver altar of Zin.
   378 | D        | Noticed a yak
   386 | D        | Killed a yak
   386 | D        | Reached skill level 13 in Stealth
   386 | D        | Reached XP level 7. HP: 32/32 MP: 14/19
   390 | D        | Found an iron altar of Okawaru.
   391 | D        | Found a bloodstained altar of Trog.
   401 | D        | Noticed Sonja
   407 | D        | Killed Sonja
   407 | D        | Acquired Sif Muna's second power
   407 | D        | Reached skill level 10 in Dodging
   407 | D        | Reached skill level 14 in Stealth
   407 | D        | Reached XP level 8. HP: 32/36 MP: 15/21
   426 | D        | Found Loyzoavi's Magic Scroll Boutique.
   591 | D        | Noticed a deep troll
   603 | D        | Killed a deep troll
   603 | D        | Reached skill level 15 in Stealth
   615 | D        | Learned a level 3 spell: Confuse
   638 | D        | Noticed a centaur warrior
   647 | D        | Killed a centaur warrior
   647 | D        | Acquired Sif Muna's third power
   647 | D        | Reached skill level 16 in Stealth
   647 | D        | Reached skill level 10 in Spellcasting
   647 | D        | Reached XP level 9. HP: 39/39 MP: 14/24
   658 | D        | Noticed a centaur warrior
   663 | D        | Killed a centaur warrior
   663 | D        | Reached skill level 17 in Stealth
   832 | D        | Noticed a wasp
   836 | D        | Killed a wasp
   846 | D        | Noticed an oklob plant
   848 | D        | Killed an oklob plant
   854 | D        | Noticed a trapdoor spider
   855 | D        | Killed a trapdoor spider
   855 | D        | Reached skill level 18 in Stealth
   872 | D        | Noticed a trapdoor spider
   872 | D        | Noticed a trapdoor spider
  1047 | D        | Killed a gargoyle
  1138 | D        | Killed a trapdoor spider
  1147 | D        | Noticed a trapdoor spider
  1148 | D        | Killed a trapdoor spider
  1148 | D        | Reached XP level 10. HP: 44/44 MP: 21/26
  1183 | D        | Killed a trapdoor spider
  1396 | D        | Noticed a jelly
  1396 | D        | Noticed a jelly
  1401 | D        | Noticed a jelly
  1401 | D        | Noticed a jelly
  1401 | D        | Noticed a jelly
  1401 | D        | Noticed a necrophage
  1402 | D        | Noticed a jelly
  1402 | D        | Noticed a jelly
  1402 | D        | Noticed a necrophage
  1402 | D        | Noticed a necrophage
  1403 | D        | Killed a jelly
  1403 | D        | Reached skill level 10 in Short Blades
  1404 | D        | Noticed a necrophage
  1404 | D        | Noticed a necrophage
  1414 | D        | Killed a jelly
  1416 | D        | Killed a jelly
  1418 | D        | Killed a jelly
  1424 | D        | Killed a jelly
  1427 | D        | Killed a necrophage
  1427 | D        | Reached skill level 15 in Hexes
  1436 | D        | Killed a necrophage
  1438 | D        | Killed a jelly
  1441 | D        | Noticed an unseen horror
  1441 | D        | Noticed an unseen horror
  1442 | D        | Killed a necrophage
  1448 | D        | Killed an unseen horror
  1448 | D        | Reached skill level 19 in Stealth
  1450 | D        | Killed an unseen horror
  1450 | D        | Received a gift from Sif Muna
  1453 | D        | Killed a jelly
  1455 | D        | Identified Sif Muna's Collected Works on Hexes (Sif Muna gifted it to you in the Dungeon)
  1463 | D        | Learned a level 6 spell: Invisibility
  1468 | D        | Learned a level 4 spell: Cause Fear
  1471 | D        | Learned a level 2 spell: Confusing Touch
  1557 | D        | Noticed a necrophage
  1557 | D        | Noticed a necrophage
  1560 | D        | Killed a necrophage
  1562 | D        | Killed a necrophage
  1569 | D        | Banished a necrophage
  1583 | D        | Killed a necrophage
  1595 | D        | Found Famahish's Gadget Shoppe.
  1595 | D        | Found Zykaywn's Assorted Antiques.
  1595 | D        | Found Doamib's Weapon Boutique.
  1597 | D        | Found Riohax Juuw's General Store.
  1597 | D        | Found Juan Zae's Food Shop.
  1597 | D        | Found Begapt's Antique Armour Shoppe.
  1597 | D        | Found Xegi Ego's Assorted Antiques.
  1597 | D        | Found Qinol's Jewellery Emporium.
  1597 | D        | Found Siusu's Magic Scroll Shop.
  1597 | D        | Found Tywa's Jewellery Shoppe.
  1601 | D        | Found Niguw's Magic Scroll Boutique.
  1602 | D        | Found Fisubiec's Armour Emporium.
  1602 | D        | Found Esashamo's General Store.
  1603 | D        | Found Eliroh's Antique Weapon Emporium.
  1604 | D        | Bought a glowing cloak for 112 gold pieces
  1604 | D        | Bought an embroidered robe for 17 gold pieces
  1606 | D        | Bought a scroll of fear for 42 gold pieces
  1632 | D        | Bought the amulet of Buviet {rMut rElec rPois MP-9} for 582 gold pieces
  1666 | D        | Found Qijif's Armour Emporium.
  1671 | D        | Bought the +2 buckler "Byeluonn" {Str+2} for 359 gold pieces
  1692 | D        | Noticed a shining eye
  1692 | D        | Noticed a shining eye
  1692 | D        | Noticed a shining eye
  1694 | D        | Noticed a shining eye
  1694 | D        | Noticed a shining eye
  1694 | D        | Noticed a shining eye
  1695 | D        | Noticed a shining eye
  1695 | D        | Noticed a shining eye
  1696 | D        | Killed a shining eye
  1700 | D        | Killed a shining eye
  1703 | D        | Killed a shining eye
  1703 | D        | Gained mutation: Your magical capacity is low (-10% MP). [a shining eye]
  1705 | D        | Paralysed by a giant eyeball for 3 turns
  1709 | D        | Killed a shining eye
  1709 | D        | Received a gift from Sif Muna
  1709 | D        | Reached skill level 15 in Spellcasting
  1712 | D        | Paralysed by a giant eyeball for 3 turns
  1719 | D        | Paralysed by a giant eyeball for 4 turns
  1768 | D        | Killed a shining eye
  1768 | D        | Reached XP level 11. HP: 47/47 MP: 10/28
  1769 | D        | Killed a shining eye
  1799 | D        | Killed a shining eye
  1815 | D        | Identified Sif Muna's Handbook of Mutagenic Toxins (Sif Muna gifted it to you in the Dungeon)
  1817 | D        | Found Isaddazo's Weapon Shoppe.
  1817 | D        | Found Dilu's Assorted Antiques.
  1818 | D        | Found Zygexoel's Weapon Shop.
  1818 | D        | Found Vihat's Armour Boutique.
  1862 | D        | Noticed a kobold demonologist
  1863 | D        | Noticed a kobold demonologist
  1863 | D        | Paralysed by a giant eyeball for 3 turns
  1870 | D        | Paralysed by a giant eyeball for 3 turns
  1873 | D        | Killed a kobold demonologist
  1875 | D        | Killed a kobold demonologist
  1876 | D        | Noticed a demonic crawler
  1876 | D        | Noticed a demonic crawler
  1876 | D        | Noticed a demonic crawler
  1876 | D        | Noticed a demonic crawler
  2583 | D        | Killed a demonic crawler
  2583 | D        | Received a gift from Sif Muna
  2584 | D        | Identified Sif Muna's Collected Works on the Oath (Sif Muna gifted it to you in the Dungeon)
  2725 | D        | Noticed a gargoyle
  2740 | D        | Killed a gargoyle
  2812 | D        | Noticed a lindwurm
  2814 | D        | Killed a lindwurm
  2820 | D        | Noticed a hog
  2820 | D        | Noticed a hog
  2820 | D        | Noticed a hog
  2820 | D        | Noticed a hog
  2820 | D        | Noticed a hog
  2820 | D        | Noticed a hog
  2820 | D        | Noticed a hog
  2820 | D        | Noticed a hog
  2820 | D        | Noticed a hog
  2820 | D        | Noticed a hog
  2821 | D        | Noticed a hog
  2821 | D        | Noticed a hog
  2821 | D        | Noticed a hog
  2822 | D        | Killed a hog
  2823 | D        | Killed a hog
  2825 | D        | Killed a hog
  2826 | D        | Killed a hog
  2828 | D        | Killed a hog
  2829 | D        | Killed a hog
  2830 | D        | Killed a hog
  2832 | D        | Killed a hog
  2833 | D        | Killed a hog
  2834 | D        | Killed a hog
  2834 | D        | Received a gift from Sif Muna
  2836 | D        | Killed a hog
  2839 | D        | Killed a hog
  2842 | D        | Killed a hog
  2845 | D        | Identified Foirol's Disquisition on Malediction (Sif Muna gifted it to you in the Dungeon)
  2849 | D        | Noticed a 12-headed hydra
  2855 | D        | Killed a 12-headed hydra
  2855 | D        | Reached skill level 20 in Spellcasting
  2965 | D        | Noticed a siren
  2965 | D        | Noticed a deep elf annihilator
  3051 | D        | Noticed Norris
  3051 | D        | Noticed a lorocyproca
  3387 | D        | Killed a demonic crawler
  4123 | D        | Noticed a daeva
  4132 | D        | Killed a wasp
  4196 | D        | Noticed a siren
  4198 | D        | Noticed a hellwing
  4199 | D        | Noticed a wasp
  4199 | D        | Noticed a wasp
  4220 | D        | Killed a hellwing
  4299 | D        | Killed a siren
  4315 | D        | Killed a wasp
  4339 | D        | Slain by a lorocyproca

Vault maps used:
D:        dungeon_sprint_1

Action                   |  1- 3 |  4- 6 |  7- 9 | 10-12 || total
-------------------------+-------+-------+-------+-------++-------
Melee: Dagger            |     4 |     5 |     2 |       ||    11
       Short sword       |       |       |    22 |   131 ||   153
 Cast: Ensorcelled Hiber |       |     3 |    16 |    33 ||    52
       Confuse           |       |       |       |    40 ||    40
       Invisibility      |       |       |       |     2 ||     2
  Use: Potion            |     2 |       |       |     4 ||     6
 Stab: Sleeping          |     2 |     4 |     9 |    28 ||    43
       Confused          |       |       |       |     6 ||     6
       Invisible         |       |       |       |     7 ||     7
       Distracted        |       |       |       |     1 ||     1
  Eat: Bread ration      |       |       |       |     1 ||     1
